 Dungeon Crawl Stone Soup version 0.30-a0-860-g512cf1e979 (webtiles) character file.

Game seed: 2688976791657885654

81 lunkers the Cudgeller (level 5, -2/14 (41) HPs)
             Began as a Meteoran Reaver on Mar 8, 2023.
             Slain by an orc
             ... wielding a +0 short sword
              (3 damage)
             ... on level 4 of the Dungeon.
             The game lasted 00:01:53 (1227 turns).

lunkers the Cudgeller (Meteoran Reaver)             Turns: 1227, Time: 00:01:53

HP:   -2/14 (41)    AC:  3    Str: 15    XL:     5   Next: 0%
MP:   10/10         EV: 12    Int: 14    God:
Gold: 90            SH:  0    Dex: 13    Spells: 8/9 levels left

rFire   . . .      SeeInvis +    a - +0 mace
rCold   . . .      Faith    .    (no shield)
rNeg    . . .      Spirit   .    b - +0 leather armour
rPois   .          Reflect  .    (no helmet)
rElec   .          Rampage  .    (no cloak)
rCorr   .                        (no gloves)
Will    .....                    (no boots)
Stlth   +                        e - amulet of magic regeneration
HPRegen 0.22/turn                d - ring of see invisible
MPRegen 0.52/turn                (no ring)

@: glowing, extremely drained
A: sense surroundings 1, otherworldly, glowing, explore regen
a: no special abilities


You were on level 4 of the Dungeon.
You visited 1 branch of the dungeon, and saw 4 of its levels.

You collected 90 gold pieces.

Inventory:

Hand Weapons
 a - a +0 mace (weapon)
Armour
 b - a +0 leather armour (worn)
Jewellery
 d - a ring of see invisible (left hand)
 e - an amulet of magic regeneration (around neck)
Scrolls
 h - a scroll of enchant weapon {unknown}
 j - a scroll of teleportation {unknown}
Potions
 c - a potion of invisibility
 g - a potion of might
 i - a potion of heal wounds {unknown}


   Skills:
 - Level 2.1 Fighting
 * Level 6.7 Maces & Flails
 - Level 2.4 Dodging
 - Level 2.6 Spellcasting
 - Level 3.6 Conjurations


You had 8 spell levels left.
You knew the following spells:

 Your Spells              Type           Power      Damage    Failure   Level
p - Kiss of Death         Conj/Necr      24%        2d7       13%         1

Your spell library contained the following spells:

 Spells                   Type           Power      Damage    Failure   Level
 Momentum Strike          Conj/Tloc      12%        3d8       21%         2
 Hailstorm                Conj/Ice       6%         3d4       36%         3


Dungeon Overview and Level Annotations

Branches:
Dungeon (4/15) Zot: 1155
 Temple: D:4-7

Altars:

Shops:
D:4 [


Innate Abilities, Weirdness & Mutations

You passively map a small area around you.
You are easily found by Zot.
You glow in the dark.
You regain HP and MP as you explore.


Message History

You hit the dart slug.
The dart slug is heavily wounded.
The dart slug bites you but does no damage.
Unknown command.
You hit the dart slug.
The dart slug is almost dead.
You completely miss the dart slug.
The dart slug is almost dead.
The dart slug launches a dart at you. The slug dart misses you.
You sock the dart slug!
You kill the dart slug!
You have reached level 5!
You see here a dart slug corpse.
An orc priest and 2 orcs come into view.
The orc shouts!
You hear an angry hiss.
An adder comes into view.
There are monsters nearby!
There are monsters nearby!
You hit the orc priest.
The orc priest is moderately wounded.
The orc closely misses you. The orc priest closely misses you.
You hit the orc priest but do no damage.
The orc priest is moderately wounded.
The orc hits you with a +0 short sword.
Found a yellow potion.
The orc closely misses you.
The orc priest hits you with a +0 hand axe.
The orc hits you with a +0 short sword.
* * * LOW HITPOINT WARNING * * *
The adder bites you.
* * * LOW HITPOINT WARNING * * *
A quokka comes into view.
You closely miss the orc priest.
The orc priest is moderately wounded.
The adder bites you but does no damage. The orc closely misses you.
The orc priest looks satisfied for a moment.
The orc barely misses you. The adder bites you.
* * * LOW HITPOINT WARNING * * *
The orc hits you with a +0 short sword.
You die...

......... , , ,
........., . , ,
#.......###+##*,.. ,
#.......##...##.. ,
................. .
, , .............#
... * ,
.............##...!
#.......##.oS......
#.......##o@.......
, ,
#........#o........
#........#.........
, * ,
#......†.#.........
.,
#........#.........
..
,#...[....#.r.......
, ..#
*#.8.8.8†##...##.##.
..####..⌠.⌠..##...#
.# ,,
.......8.∩.8..# ,


You could see an orc priest, an adder, 2 orcs and a quokka.

Vanquished Creatures
  A hound (D:4)
  2 adders
  2 worms
  2 dart slugs
  2 ball pythons
  2 endoplasms
  2 giant cockroaches
  A goblin (D:1)
  A hobgoblin (D:3)
  A quokka (D:2)
  5 bats
  A frilled lizard (D:2)
  3 kobolds
  4 rats
29 creatures vanquished.

Notes
Turn   | Place    | Note
-------+----------+-------------------------------------------
     0 | D:1      | lunkers the Meteoran Reaver began the quest for the Orb.
     0 | D:1      | Reached XP level 1. HP: 17/17 MP: 5/5
    55 | D:1      | Reached XP level 2. HP: 10/24 MP: 6/6
    61 | D:1      | HP: 1/24 [constriction (1)]
    81 | D:1      | HP: 1/20 [frozen (4)]
   413 | D:2      | Reached skill level 5 in Maces & Flails
   580 | D:2      | Reached XP level 3. HP: 22/23 MP: 8/8
  1042 | D:3      | Reached XP level 4. HP: 17/20 MP: 9/9
  1184 | D:4      | Found Etsonati's Armour Shop.
  1205 | D:4      | Reached skill level 6 in Maces & Flails
  1215 | D:4      | Reached XP level 5. HP: 4/14 MP: 10/10
  1227 | D:4      | Slain by an orc

Illustrated notes

Levels and vault maps discovered:
D:1:      lemuel_arrival_lava_pool, layout_basic, grunt_decor_fettered,
          nicolae_eternal_life, chequers_serial_rivers_small_b
D:2:      layout_loops_cross
D:3:      layout_loops_ring, minitemple, minmay_liquid_box, serial_park_tiny_1,
          minivault_19, minmay_misc_feat_roman
D:4:      layout_gridville, serial_shops,
          nicolae_shop_temple_entry_statues_fountains, nicolae_titane

Skill      XL: |  1  2  3  4 |
---------------+-------------+-----
Maces & Flails | 5 6 |  6.7
Fighting       | |  2.1
Dodging        | |  2.4
Spellcasting   | |  2.6
Conjurations   | |  3.6

Action                     |  1- 3 |  4- 6 || total
---------------------------+-------+-------++-------
  Melee: Mace              |    91 |    18 ||   109
         Punch             |     1 |       ||     1
   Cast: Kiss of Death     |     5 |     3 ||     8
    Use: Scroll            |       |     2 ||     2
 Armour: Leather armour    |    45 |     8 ||    53
  Dodge: Dodged            |    55 |    17 ||    72

Table legend: (Time is in decaauts)
 A = Elapsed time spent in this place.
 B = Non-inter-level travel time spent in this place.
 C = Inter-level travel time spent in this place.
 D = Time resting spent in this place.
 E = Time spent auto-exploring this place.
 F = Levels seen in this place.
 G = Mean time per level.
                   A        B        C        D        E       F      G
               +--------+--------+--------+--------+--------+-----+--------+
         Total |   1243 |   1190 |     53 |      0 |    907 |   4 |  310.8 |
       Dungeon |   1243 |   1190 |     53 |      0 |    907 |   4 |  310.8 |
               +--------+--------+--------+--------+--------+-----+--------+

Top non-repeatable levels by time:
     D:2: 626 daAuts
     D:1: 298 daAuts
     D:3: 273 daAuts
     D:4: 44 daAuts
